Map: Oblivion Express

Players

wasp

  • Race: Protoss Protoss

larsgj

  • Race: Terran Terran

VOD

Have the link to the VOD?

Description

Time

  • Played on: Dec. 26, 2018, 9:17 a.m.
  • Length: 24:59
Show
View Real Time Build Order
Export as new Build Order

wasp Protoss 

Build Orders:  

Get SALT Encoding   

  1  0:00  Probe x12 (Chrono Boost)  
    0:10  Unknown x2  
  12  0:29  Pylon  
  12  0:45  Pylon  
  12  1:03  Gateway  
  12  1:19  Pylon  
  12  1:32  Pylon  
  12  2:10  Zealot  
  14  2:42  Zealot  
  16  3:05  Cybernetics Core  
  16  3:11  Zealot  
  18  3:37  Probe (Chrono Boost)  
  18  3:51  Probe (Chrono Boost)  
  19  4:05  Probe (Chrono Boost)  
  20  4:19  Probe (Chrono Boost)  
  21  4:33  Probe (Chrono Boost)  
  22  4:44  Nexus  
  22  5:24  Zealot  
  22  5:25  Zealot x2  
  16  6:34  Zealot x2  
  20  7:25  Assimilator  
  20  7:33  Assimilator  
  20  7:47  Probe (Chrono Boost)  
  21  8:01  Probe (Chrono Boost)  
  22  8:15  Probe (Chrono Boost)  
  23  8:22  Zealot x3  
  23  8:29  Probe (Chrono Boost)  
  30  8:42  Probe (Chrono Boost)  
  31  8:51  Dragoon  
  25  9:56  Stargate  
  25  9:58  Probe (Chrono Boost)  
  26  10:07  Dragoon x2  
  30  10:12  Probe (Chrono Boost)  
  30  10:17  Gateway  
  31  10:25  Probe (Chrono Boost)  
  32  10:37  Dragoon  
  32  10:39  Probe (Chrono Boost)  
  34  10:47  Twilight Council  
  35  10:50  Robotics Facility  
  35  10:53  Probe (Chrono Boost)  
  35  10:59  Forge  
  36  11:21  Phoenix  
  38  11:43  Assimilator  
  38  11:48  Assimilator  
  38  11:52  Probe (Chrono Boost)  
  39  12:02  Immortal  
  39  12:06  Probe (Chrono Boost)  
  39  12:09  Zealot  
  46  12:10  Zealot x3  
  46  12:11  Zealot  
  46  12:17  Phoenix  
  46  12:19  Probe (Chrono Boost)  
  57  12:33  Probe (Chrono Boost)  
  58  12:47  Probe (Chrono Boost)  
  45  13:44  Dragoon x2  
  45  13:45  Dragoon x3  
  45  13:46  Dragoon  
  57  13:55  Immortal  
  61  14:18  Pylon  
  47  15:33  Phoenix x2  
  47  15:34  Phoenix  
  47  15:39  Dragoon  
  55  15:40  Dragoon  
  55  15:47  Immortal x2  
  55  15:48  Immortal  
  34  17:35  Fleet Beacon  
  34  18:00  Stargate  
  34  18:08  Stargate  
  30  19:26  Tempest x2  
  38  19:34  Zealot  
  38  19:35  Zealot  
  42  19:41  Zealot  
  42  19:42  Zealot  
  42  19:43  Zealot  
  36  20:41  Tempest  
  16  22:16  Tempest  
  19  22:54  Probe (Chrono Boost)  
  20  23:05  Probe (Chrono Boost)  
  20  23:07  Probe (Chrono Boost)  
  22  23:21  Probe (Chrono Boost)  
  23  23:35  Probe (Chrono Boost)  
  24  23:40  Dragoon  
  24  23:49  Probe (Chrono Boost)  
  27  24:41  Tempest  
Show
View Real Time Build Order
Export as new Build Order

larsgj Terran 

Build Orders:  

Get SALT Encoding   

  1  0:00  Orbital Command, SCV x12  
    0:10  Unknown  
    0:14  SCV  
  13  0:30  SCV  
  13  0:39  Supply Depot  
  14  0:47  SCV  
  15  1:00  Barracks  
  15  1:05  SCV  
  16  1:23  SCV  
  17  1:40  SCV  
  17  1:43  Refinery  
  17  1:47  Refinery  
  18  1:57  SCV  
  19  2:05  Engineering Bay  
  19  2:09  Marine  
  19  2:14  SCV  
  15  2:20  Marine  
  22  2:31  SCV  
  23  3:00  Supply Depot  
  23  3:01  Marine  
  23  3:05  Supply Depot  
  24  3:11  Marine  
  25  3:21  Marine  
  25  3:23  Supply Depot  
  25  3:28  SCV  
  27  3:31  Marine  
  28  3:41  Marine  
  28  3:45  SCV  
  30  3:52  Marine  
  30  3:58  Barracks  
  31  4:02  Marine, SCV  
  33  4:15  Neosteel Frame  
  33  4:53  Command Center  
  33  4:58  Barracks Tech Lab  
  33  5:01  Barracks Tech Lab  
  33  5:23  Factory  
  33  5:33  Marine x2  
  35  5:43  Marine  
  35  5:44  Marine  
  37  6:19  Marine x2  
  37  6:29  Marine x2  
  39  6:35  SCV  
  39  6:39  Marine  
  42  6:49  Bunker  
  43  6:52  SCV  
  44  7:01  SCV  
  44  7:09  SCV  
  46  7:18  SCV  
  47  7:26  SCV, Bunker  
  48  7:35  SCV  
  49  7:43  SCV  
  50  7:52  SCV  
  50  7:59  SCV  
  51  8:00  Refinery  
  51  8:05  Refinery  
  51  8:09  SCV  
  53  8:15  Bunker  
  53  8:16  SCV  
  54  8:26  SCV  
  55  8:43  SCV  
  55  8:49  Bunker  
  55  9:00  SCV  
  56  9:06  Starport  
  57  9:16  SCV  
  58  9:25  Bunker  
  58  9:33  SCV  
  59  9:50  SCV  
  60  10:15  Bunker  
  60  10:23  Starport  
  60  10:34  Armory  
  60  10:48  Orbital Command  
  60  10:51  Bunker  
  60  10:52  Orbital Command  
  60  11:08  Starport Tech Lab  
  60  11:19  Fusion Core, Starport  
  60  11:23  Bunker  
  42  12:30  Battlecruiser  
  42  12:39  Starport Tech Lab x2  
  48  13:12  Battlecruiser  
  48  13:14  Missile Turret  
  54  13:36  Missile Turret  
  54  13:42  Missile Turret  
  54  13:47  Battlecruiser  
  60  14:04  Missile Turret  
  60  14:07  Supply Depot  
  60  14:08  Battlecruiser  
  60  14:09  Battlecruiser, Supply Depot x2  
  60  14:11  Missile Turret  
  60  14:12  Supply Depot  
  71  14:27  Marine x2  
  72  14:37  Marine x2  
  73  14:47  Marine x2  
  75  14:52  Battlecruiser  
  75  14:57  Marine  
  75  14:58  Marine  
  83  15:07  Medic  
  83  15:08  Medic  
  89  15:36  Battlecruiser  
  89  16:01  Battlecruiser  
  91  16:20  Battlecruiser  
  88  17:08  Terran Vehicle and Ship Weapons Level 1  
  88  17:11  Weapon Refit  
  84  17:28  Supply Depot  
  84  17:30  Supply Depot  
  84  17:31  Supply Depot x2  
  84  17:33  Supply Depot  
  84  17:34  Supply Depot  
  84  17:41  SCV, Supply Depot  
  84  17:42  Supply Depot  
  85  17:58  SCV  
  90  18:05  Medic x2  
  90  18:15  SCV, Medic x2  
  95  18:25  Medic  
  97  18:32  SCV  
  98  19:23  Battlecruiser x3  
  116  19:46  Marine x2  
  116  19:48  Terran Vehicle And Ship Armor Level 1  
  118  19:55  SCV  
  118  19:56  Marine x2  
  121  20:06  Marine  
  121  20:07  Marine  
  123  20:12  SCV  
  123  20:17  Marauder x2  
  126  20:29  Marine, Marauder  
  131  20:40  Structure Armor, Marine  
  131  20:42  Marauder  
  128  21:40  Terran Infantry Armor Level 1  
  127  21:50  Battlecruiser x3  
  145  22:28  Afterburners  
  145  22:32  Battlecruiser  
  145  22:33  Battlecruiser  
  157  22:44  Bunker  
  155  23:02  Battlecruiser  
  156  23:18  Bunker  
  156  23:34  Supply Depot  
  156  23:35  Battlecruiser  
  156  23:37  Supply Depot  
  156  23:38  Battlecruiser  
  156  23:39  Supply Depot  
  162  23:41  Supply Depot  
  162  23:44  Supply Depot  
  162  23:46  Supply Depot  
  162  23:48  Supply Depot  
  162  23:49  Supply Depot  
  168  23:51  Bunker, Supply Depot  
  168  24:24  Missile Turret  
Tags
 
Commander
ArtanisRaynor
Matchup
Co-op
Replay Pack
Multiplayer
Add a new tag
Caveats
  • Supply blocks, unpowered buildings, or Contaminate may cause inaccurate times.
  • Supply counts are checked every 10 seconds.